Map: Ley Lines

Players

Lambo

  • Race: Zerg Zerg
  • League: Grandmaster
  • Spawn Location: 7:00

A.I. 1 (Very Easy) - Winner!

  • Race: Protoss Protoss
  • Spawn Location: 1:00

VOD

Have the link to the VOD?

Description

Time

  • Played on: March 17, 2025, 11:13 a.m.
  • Length: 6:32
Show
View Real Time Build Order
Export as new Build Order

Lambo Zerg 

Build Orders: Pool First 

Get SALT Encoding   

  6  0:00  Drone  
  13  0:09  Drone  
  14  0:16  Overlord  
  14  0:22  Drone, Extractor  
  15  0:35  Drone x2  
  17  0:43  Spawning Pool  
  17  0:46  Drone  
  17  1:05  Hatchery  
  17  1:08  Drone  
  17  1:11  Drone  
  18  1:14  Extractor  
  18  1:18  Drone  
  18  1:30  Queen  
  18  1:31  Zergling x2  
  21  1:38  Overlord  
  21  1:47  Drone  
  22  1:58  Drone  
  23  2:06  Queen  
  25  2:09  Drone  
  26  2:16  Hatchery  
  26  2:19  Drone  
  27  2:22  Drone  
  27  2:27  Drone  
  28  2:30  Drone  
  28  2:35  Metabolic Boost  
  29  2:39  Drone  
  29  2:40  Drone  
  29  2:42  Drone  
  32  2:47  Overlord  
  32  2:52  Drone  
  32  2:56  Queen  
  35  2:59  Drone  
  35  3:03  Overlord  
  36  3:07  Drone  
  36  3:08  Drone  
  36  3:10  Drone  
  39  3:13  Drone x2  
  39  3:15  Drone  
  42  3:21  Queen  
  42  3:26  Drone  
  45  3:32  Drone, Roach Warren  
  45  3:37  Queen  
  45  3:39  Zergling x2  
  45  3:40  Zergling x2  
  49  3:44  Zergling x4  
  49  3:47  Overlord  
  51  3:48  Zergling x2  
  51  3:50  Zergling x2  
  51  3:54  Overlord  
  51  3:55  Drone  
  54  4:01  Drone x2  
  54  4:02  Drone x2, Extractor  
  57  4:06  Drone x2  
  59  4:10  Overlord  
  59  4:20  Roach x4  
  59  4:21  Roach  
  69  4:28  Spore Crawler x2  
  69  4:29  Roach  
  69  4:32  Roach  
  69  4:34  Roach  
  69  4:35  Overlord  
  73  4:39  Roach  
  73  4:43  Drone x3  
  73  4:45  Drone  
  79  4:47  Drone x2  
  79  4:48  Drone  
  79  4:52  Overlord  
  82  5:01  Overlord  
  82  5:03  Ravager  
  82  5:04  Roach, Zergling x8  
  89  5:09  Extractor  
  89  5:10  Roach x2  
  89  5:11  Roach  
  94  5:19  Roach  
  96  5:22  Zergling x14  
  96  5:25  Roach  
  105  5:40  Overlord x2  
  105  5:56  Overlord  
  105  5:58  Overlord  
  105  5:59  Overlord  
  105  6:00  Roach x8  
  105  6:01  Zergling x2  
Show
View Real Time Build Order
Export as new Build Order

A.I. 1 (Very Easy) Protoss - Winner!

Build Orders:  

Get SALT Encoding   

  6  0:00  Probe  
  13  0:13  Probe  
  14  0:19  Pylon  
  14  0:37  Assimilator  
  14  0:42  Gateway  
  14  0:46  Pylon  
  14  1:12  Assimilator  
  14  1:22  Probe  
  14  1:24  Zealot  
  14  1:30  Probe  
  14  1:31  Cybernetics Core  
  18  1:40  Probe  
  19  1:52  Probe  
  20  1:57  Warp Gate  
  20  2:01  Probe  
  21  2:09  Probe  
  22  2:46  Stalker  
  24  4:09  Probe  
  24  4:43  Probe  
Tags
 
Matchup
PvZ
Opening
Pool First
Player
Lambo
Spawn Locations
Cross Positions
Add a new tag
Caveats
  • Supply blocks, unpowered buildings, or Contaminate may cause inaccurate times.
  • Supply counts are checked every 10 seconds.